 Dungeon Crawl Stone Soup version 0.28-a0-1387-g3a22ab9bdc (webtiles) character file.

Game seed: 6818334463192330290

1192 ragingrage the Chopper (level 8, 0/73 HPs)
             Began as a Gargoyle Artificer on Jan 3, 2022.
             Killed from afar by an acid dragon (21 damage)
             ... with a splash of acid
             ... on level 6 of the Dungeon.
             The game lasted 00:08:35 (9218 turns).

ragingrage the Chopper (Gargoyle Artificer)         Turns: 9218, Time: 00:08:35

Health: 0/73       AC: 13    Str: 18    XL:     8   Next: 43%
Magic:  8/8        EV:  9    Int: 12    God:
Gold:   308        SH:  0    Dex: 10    Spells: 7/7 levels left

rFire   . . .      SeeInvis .   o - +3 dagger (venom)
rCold   . . .      Faith    .   (no shield)
rNeg    + . .      Spirit   .   y - +3 scale mail "Uryen" {Fly}
rPois   ∞          Reflect  .   (no helmet)
rElec   +          Harm     .   (no cloak)
rCorr   .          Rampage  .   (no gloves)
Will    .....                   z - +1 pair of boots
Stlth   ..........              (no amulet)
HPRegen 0.22/turn               (no ring)
MPRegen 0.11/turn               (no ring)

@: berserking, corroded, flying, very quick
A: sickness immunity, AC +5, negative energy resistance 1, electricity
resistance, torment resistance 1, petrification resistance
a: no special abilities


You were on level 6 of the Dungeon.
You visited 2 branches of the dungeon, and saw 8 of its levels.

You collected 308 gold pieces.

Inventory:

Hand Weapons
 o - a +3 dagger of venom (weapon)
 s - a +1 whip of draining
 w - a +0 hand axe
Missiles
 g - 7 boomerangs
 u - 24 poisoned darts (quivered)
Armour
 y - the +3 scale mail "Uryen" (worn) {Fly}
   (You found it on level 4 of the Dungeon)

   Fly:       It grants you flight.
 z - a +1 pair of boots (worn)
Wands
 c - a wand of flame (8)
 d - a wand of charming (12)
 B - a wand of paralysis (6)
Scrolls
 f - 2 scrolls of enchant weapon
 h - 2 scrolls of teleportation
 r - a scroll of identify
Potions
 a - a potion of mutation {unknown}
 b - a potion of berserk rage
 i - a potion of might {unknown}
 k - 3 potions of curing {unknown}
 l - a potion of cancellation {unknown}
 m - 2 potions of lignification
 n - 2 potions of haste {unknown}
 p - a potion of magic {unknown}
 q - a potion of invisibility {unknown}
Miscellaneous
 e - a piece from Xom's chessboard (15/15)


   Skills:
 - Level 5.0 Fighting
 * Level 6.1 Axes
 - Level 2.1 Armour
 - Level 0.7 Dodging
 - Level 1.1 Stealth
 - Level 5.5 Evocations


You had 7 spell levels left.
You didn't know any spells.
Your spell library contained the following spells:

 Spells                   Type           Power      Damage    Failure   Level
 Beastly Appendage        Tmut           0%         N/A       71%         1
 Gell's Gravitas          Tloc           0%         N/A       97%         3
 Lesser Beckoning         Tloc           0%         N/A       97%         3
 Teleport Other           Tloc           0%         N/A       97%         3
 Tukima's Dance           Hex            0%         N/A       97%         3
 Passage of Golubria      Tloc           0%         N/A       100%        4
 Yara's Violent Unravell  Hex/Tmut       0%         3d3       100%        5


Dungeon Overview and Level Annotations

Branches:
Dungeon (7/15)             Temple (1/1) D:5

Altars:
Ashenzari
Cheibriados
Dithmenos
Elyvilon
Fedhas
Gozag
Hepliaklqana
Kikubaaqudgha
Makhleb
Nemelex Xobeh
Qazlal
Ru
Sif Muna
Trog
Uskayaw
Wu Jian
Xom
Yredelemnul
The Shining One

Shops:
D:1 (   D:6 =

Annotations:
D:3 1 runed translucent door, Crazy Yiuf


Innate Abilities, Weirdness & Mutations

You are immune to sickness and miasma.
Your stone body is resilient. (AC +5)
You are immune to poison.
You resist negative energy. (rN+)
You are resistant to electric shocks. (rElec)
You are resistant to unholy torment.
You are immune to petrification.


Message History

An electric eel comes into view.
The electric eel moves out of view.
You hit the plant.
The plant begins to die.
The plant is lightly damaged.
You hit the plant.
The plant is lightly damaged.
The electric eel shoots out a bolt of lightning at you!
The bolt of electricity hits the plant!
The bolt of electricity hits you. You resist.
The electric eel shoots out a bolt of lightning at you!
The bolt of electricity hits the plant!
The bolt of electricity hits you. You resist.
There is a stone staircase leading up here.
A nearby plant withers and dies.
The electric eel shoots out a bolt of lightning at you!
The bolt of electricity hits you. You resist.
You fly upwards.
The acid dragon spits acid at you. The splash of acid hits you!
The acid corrodes you!
There is a stone staircase leading down here.
Unknown command.
You hit the acid dragon.
The acid dragon is lightly wounded.
The acid dragon bites you!
The acid dragon claws you but does no damage.
You hit the acid dragon.
The acid dragon is poisoned.
The acid dragon is lightly wounded.
The acid dragon bites you but does no damage.
The acid dragon claws you but does no damage.
You hit the acid dragon.
The acid dragon is lightly wounded.
The acid dragon bites you.
* * * LOW HITPOINT WARNING * * *
The acid dragon claws you but does no damage.
It was a potion of berserk rage.
A red film seems to cover your vision as you go berserk!
You feel yourself moving faster!
You feel mighty! The acid dragon spits acid at you.
The splash of acid hits you!!
You die...

#...).....#.#### #..>.....
#........[#....# #........
##......∩#####.# #........
#.........####.###........
#..............#..........
#.........................
#.........................
#.......................##
###..(...D@..............##
#......................<(.#
#.######................#.#
#.# #...................
#..# ##..................
.D... ##.....##..........
.((..... ##########.....###
..........# ...#####
........... .###


You could see an acid dragon (very poisoned, catching breath).

Vanquished Creatures
  Grinder (D:5)
  A sky beast (D:5)
  A necrophage (D:5)
  An ogre (D:6)
  2 centaurs
  A centaur skeleton (D:5)
  An orc priest (D:4)
  4 iguanas
  A jelly (D:4)
  Jessica (D:3)
  An orc wizard (D:4)
  A howler monkey zombie (D:6)
  10 gnolls
  3 adders (D:2)
  A shadow imp (D:5)
  A white imp (D:6)
  3 dart slugs
  11 orcs
  4 bats
  9 endoplasms
  2 giant cockroaches (D:1)
  42 goblins
  25 hobgoblins
  3 jackals (D:2)
  8 kobolds
  4 quokkas
  3 ball pythons
  3 frilled lizards
  9 rats
157 creatures vanquished.

Vanquished Creatures (collateral kills)
  2 gnolls (D:3)
  A goblin (D:3)
  A hobgoblin (D:3)
4 creatures vanquished.

Vanquished Creatures (others)
  2 gnolls
  4 plants
6 creatures vanquished.

Grand Total: 167 creatures vanquished

Notes
Turn   | Place    | Note
-------+----------+-------------------------------------------
     0 | D:1      | ragingrage the Gargoyle Artificer began the quest for the
                  | Orb.
     0 | D:1      | Reached XP level 1. HP: 12/12 MP: 1/1
   104 | D:1      | Reached XP level 2. HP: 12/17 MP: 2/2
   349 | D:1      | Found a faded altar of an unknown god.
   354 | D:1      | Got Plato's Volume of Shape Shifting
   697 | D:1      | Found Nucza's Weapon Emporium.
  1010 | D:1      | Reached XP level 3. HP: 21/21 MP: 3/3
  1858 | D:2      | Reached XP level 4. HP: 21/27 MP: 4/4
  2687 | D:3      | Noticed Jessica
  2693 | D:3      | Killed Jessica
  2735 | D:3      | Found a blossoming altar of Fedhas.
  3034 | D:3      | Reached XP level 5. HP: 32/32 MP: 5/5
  3617 | D:3      | Found a faded altar of an unknown god.
  3621 | D:3      | Found an ancient bone altar of Kikubaaqudgha.
  3861 | D:3      | Found a runed translucent door.
  3862 | D:3      | Noticed Crazy Yiuf
  5079 | D:3      | Reached XP level 6. HP: 39/39 MP: 6/6
  6078 | D:4      | Reached skill level 5 in Fighting
  6078 | D:4      | Reached skill level 5 in Evocations
  6473 | D:4      | Reached skill level 1 in Axes
  6760 | D:4      | Found a stormy altar of Qazlal.
  6762 | D:4      | Found a burning altar of Makhleb.
  6762 | D:4      | Found an opulent altar of Gozag.
  6763 | D:4      | Found a shimmering altar of Xom.
  6764 | D:4      | Identified the +3 scale mail "Uryen" {Fly}
  6778 | D:4      | Found a basalt altar of Yredelemnul.
  6779 | D:4      | Found a shimmering blue altar of Sif Muna.
  7343 | D:5      | Entered Level 5 of the Dungeon
  7544 | D:5      | Noticed a necrophage
  7552 | D:5      | Killed a necrophage
  7553 | D:5      | Reached skill level 2 in Axes
  7553 | D:5      | Reached XP level 7. HP: 44/44 MP: 7/7
  7744 | D:5      | Found a staircase to the Ecumenical Temple.
  7752 | D:5      | Reached skill level 3 in Axes
  7760 | Temple   | Entered the Ecumenical Temple
  8328 | D:5      | Noticed Grinder
  8341 | D:5      | Killed Grinder
  8342 | D:5      | Reached skill level 4 in Axes
  8342 | D:5      | Reached XP level 8. HP: 49/49 MP: 8/8
  8467 | D:5      | Reached skill level 5 in Axes
  8814 | D:6      | Found Acoshiel's Jewellery Emporium.
  8871 | D:6      | Reached skill level 6 in Axes
  9218 | D:6      | Killed from afar by an acid dragon

Illustrated notes

Levels and vault maps discovered:
D:1:      scummos_arrival_hexagon, layout_basic, serial_shops, shop,
          shapermc_ecumenical_altar_rom_forum
D:2:      minmay_skewed_foursquare, layout_basic
D:3:      minmay_goblin_kobold_castle, layout_loops_ring, fedhas_altar_3,
          nicolae_overflow_ecumenical_swirl, guppyfry_early_lair_pool,
          uniq_jessica, uniq_crazy_yiuf_cottage
D:4:      layout_loops_corners, grunt_temple_overflow_open,
          chequers_serial_rivers_room_b
D:5:      layout_loops_cross, minmay_temple_entry_grid, uniq_grinder
D:6:      layout_rooms, serial_shops, shop, minmay_microvault
D:7:      layout_basic, enter_bailey_2, serial_undead, serial_undead_d,
          serial_undead_c, serial_undead_b, serial_undead_f,
          serial_bayou_lake_a, uniq_maggie
Temple:   minmay_temple_curvy_loop

Skill      XL: |  1  2  3  4  5  6  7  8 |
---------------+-------------------------+-----
Evocations     | 3 4 5 |  5.5
Fighting       | 2 3 4 5 |  5.0
Axes           | 2 4 6 |  6.1
Armour         | |  2.1
Dodging        | |  0.7
Stealth        | |  1.1

Action                   |  1- 3 |  4- 6 |  7- 9 || total
-------------------------+-------+-------+-------++-------
Melee: Club              |   184 |    63 |       ||   247
       Dagger            |       |   289 |   112 ||   401
Throw: Dart              |       |       |     7 ||     7
Evoke: Wand              |       |    10 |     2 ||    12
  Use: Scroll            |       |       |    10 ||    10
       Potion            |       |       |     1 ||     1
 Stab: Sleeping          |       |     1 |       ||     1
       Paralysed         |       |       |     7 ||     7
Armor: Leather armour    |   112 |   115 |       ||   227
       Scale mail        |       |     4 |    67 ||    71
Dodge: Dodged            |   166 |   196 |    53 ||   415

Table legend: (Time is in decaauts)
 A = Elapsed time spent in this place.
 B = Non-inter-level travel time spent in this place.
 C = Inter-level travel time spent in this place.
 D = Time resting spent in this place.
 E = Time spent auto-exploring this place.
 F = Levels seen in this place.
 G = Mean time per level.
                   A        B        C        D        E       F      G
               +--------+--------+--------+--------+--------+-----+--------+
         Total |   9308 |   9042 |    266 |   3020 |   4322 |   8 | 1163.5 |
       Dungeon |   9051 |   8812 |    239 |   3020 |   4097 |   7 | 1293.0 |
        Temple |    256 |    229 |     27 |      0 |    225 |   1 |  256.0 |
               +--------+--------+--------+--------+--------+-----+--------+

Top non-repeatable levels by time:
     D:3: 3106 daAuts
     D:2: 1649 daAuts
     D:4: 1422 daAuts
     D:1: 1254 daAuts
     D:5: 1049 daAuts
     D:6: 407 daAuts
  Temple: 256 daAuts
     D:7: 162 daAuts
